Cogmind - Beta 13 @@@ ROGUE MODE // 2024.04.07 @ 21:34:18 Player: Copyrite Result: Destroyed by YI-UF0 with YI-UF0's Doublenader Performance ------------- Evolutions (0) 0 Regions Visited (4) 800 Robots Destroyed (4) 20 Value Destroyed (40) 40 Prototype IDs (2) 40 Alien Tech Used (0) 0 Bonus (300) 300 TOTAL SCORE: 1200 Bonus ------- Aligned with FarCom 300 Cogmind --------- Core Integrity 0/250 Matter 174/300 Energy 100/100 System Corruption 0% Temperature Cool (0) Movement Core (700) Ox13 Location -9/Mines Parts ------- > --- POWER (1) -------- (None) > --- PROPULSION (2) --- (None) > --- UTILITY (2) ------ High-capacity Storage Unit Signal Interpreter > --- WEAPON (2) ------- (None) > --- INVENTORY (20) --- Light Ion Engine Light Treads Flight Unit Flight Unit Flight Unit Flight Unit Improved Heat Sink Advanced Weight Redist. System Improved Terrain Scan Processor Improved Trap Extractor (0/6) AWS/Autocannon Peak State ------------ > --- POWER ------------ Ion Engine > --- PROPULSION ------- Light Treads Advanced Treads > --- UTILITY ---------- High-capacity Storage Unit Signal Interpreter > --- WEAPON ----------- AWS/Gauss > --- INVENTORY -------- Light Ion Engine Improved Heat Sink Improved Terrain Scan Processor Improved Trap Extractor High-powered Shotgun Grenade Launcher [Rating: 24] Favorites ----------- Power Ion Engine Engine Ion Engine Propulsion Light Treads Treads Light Treads Utility Signal Interpreter Device Supersonic Drone Bay Storage High-capacity Storage Unit Processor Signal Interpreter Weapon Light Cannon Ballistic Gun High-powered Shotgun Ballistic Cannon Light Cannon Launcher Grenade Launcher Build | -11 -10 -10 -10 -9 ------- Run | Yrd Mat Min Exi Min Slots Evolved . | . . . . . Power . | . . . . . Propulsion . | . . . . . Utility . | . . . . . Weapon . | . . . . . Parts Attached 16 | 5 2 1 5 3 Power 2 | 1 . . . 1 Engine 2 | 1 . . . 1 Core . | . . . . . Reactor . | . . . . . Propulsion 3 | 2 . 1 . . Treads 3 | 2 . 1 . . Leg . | . . . . . Wheel . | . . . . . Hover . | . . . . . Flight . | . . . . . Utility 5 | 1 1 . 3 . Device 1 | . . . 1 . Storage 3 | 1 . . 2 . Processor 1 | . 1 . . . Hackware . | . . . . . Protection . | . . . . . Artifact . | . . . . . Weapon 6 | 1 1 . 2 2 Energy Gun . | . . . . . Energy Cannon . | . . . . . Ballistic Gun 3 | 1 . . 1 1 Ballistic Cannon 2 | . 1 . 1 . Launcher 1 | . . . . 1 Special Weapon . | . . . . . Impact Weapon . | . . . . . Slashing Weapon . | . . . . . Piercing Weapon . | . . . . . Special Melee Weapon . | . . . . . Unidentified Prototypes 2 | . . . 2 . Parts Lost 7 | . . . . 7 Power 2 | . . . . 2 Propulsion 2 | . . . . 2 Utility . | . . . . . Weapon 3 | . . . . 3 Highest Loss Streak 6 | . . . . 6 To Critical Strikes . | . . . . . Average Slot Usage (%) 84 | . 73 85 84 95 Engine 13 | . 14 14 14 13 Treads 27 | . 28 28 28 25 Storage 13 | . 14 14 13 14 Processor 12 | . 2 14 14 14 Ballistic Gun 1 | . 2 . . 13 Ballistic Cannon 13 | . 11 14 13 12 Naked Turns . | . . . . . Heaviest Build 51 | 12 13 13 48 51 Greatest Support 42 | 40 40 42 42 42 Greatest Overweight (x) 13 | 3 . . 1 13 Average Overweight (x) . | . . . . 1 Largest Inventory Capacity 20 | 8 8 8 20 20 Average Capacity 15 | 7 8 8 18 20 Most Carried 15 | 5 6 8 12 15 Average Carried 8 | 3 4 7 9 13 Final Capacity 20 | 8 8 8 20 20 Final Carried 13 | 5 5 8 11 13 Class Distribution -------------------- 100% | Mutant Dominant Class ---------------- Mutant | -10/Materials Mutant | -10/Mines Mutant | -10/Exiles Mutant | -9/Mines Resources | -11 -10 -10 -10 -9 ----------- Run | Yrd Mat Min Exi Min Matter Collected 317 | 219 51 10 . 37 Remotely . | . . . . . Salvage Created 20 | . . . . 20 Parts 10 | . . . . 10 Haulers Intercepted . | . . . . . Recyclers Shooed . | . . . . . Parts Field Recycled . | . . . . . Retrieved Matter . | . . . . . Parts Self-Destructed . | . . . . . Prevented . | . . . . . Kills | -11 -10 -10 -10 -9 ------- Run | Yrd Mat Min Exi Min Combat Hostiles Destroyed 4 | . . . . 4 Guns 2 | . . . . 2 Cannons 2 | . . . . 2 Classes Destroyed 1 | . . . . 1 Swarmer 4 | . . . . 4 Best Kill Streak 4 | . . . . 4 Combat Bots Only 4 | . . . . 4 Max Kills in Single Turn 2 | . . . . 2 Gunslinging . | . . . . . Exploded . | . . . . . Melee . | . . . . . Uniques/NPCs Destroyed . | . . . . . Combat | -11 -10 -10 -10 -9 -------- Run | Yrd Mat Min Exi Min Hostile Shots Fired 66 | . 1 . . 65 Missed 19 | . 1 . . 18 Damage Taken 1058 | . . . . 1058 Core 250 | . . . . 250 Absorbed by Shields . | . . . . . Core Remaining (%) 100 | 100 . . . . Volleys Fired 15 | . . . . 15 Largest 2 | . . . . 2 Hottest 60 | . . . . 60 Shots Fired 22 | . . . . 22 Gun 7 | . . . . 7 Cannon 10 | . . . . 10 Launcher 5 | . . . . 5 Special . | . . . . . Kinetic 17 | . . . . 17 Thermal . | . . . . . Explosive 5 | . . . . 5 Electromagnetic . | . . . . . Robot Hit Streak 5 | . . . . 5 Robot Miss Streak 3 | . . . . 3 Penetration Max . | . . . . . Secondary Targets . | . . . . . Shots Hit Robots 14 | . . . . 14 Core Hits 11 | . . 3 . 8 Critical Kills . | . . . . . Critical Parts Destroyed . | . . . . . Critical Strikes . | . . . . . Melee Attacks . | . . . . . Impact . | . . . . . Slashing . | . . . . . Piercing . | . . . . . Sneak Attacks . | . . . . . Combat Hostiles . | . . . . . Follow-up Attacks . | . . . . . Damage Inflicted 282 | . . 15 . 267 Guns 84 | . . . . 84 Cannons 121 | . . . . 121 Explosions 62 | . . . . 62 Melee . | . . . . . Ramming 15 | . . 15 . . Kinetic 205 | . . . . 205 Thermal . | . . . . . Explosive 62 | . . . . 62 Electromagnetic . | . . . . . Impact . | . . . . . Slashing . | . . . . . Piercing . | . . . . . Highest Corruption . | . . . . . Average Corruption . | . . . . . Corruption Purged . | . . . . . Corruption Blocked . | . . . . . Overload Shots . | . . . . . Overflow Damage 2 | . . . . 2 Projectiles . | . . . . . Explosions 2 | . . . . 2 Melee . | . . . . . Knockbacks 1 | . . . . 1 Impact . | . . . . . Kinetic 1 | . . . . 1 Secondary . | . . . . . Self-Inflicted Damage . | . . . . . Shots . | . . . . . Rammed 4 | . . 4 . . Targets Rammed 4 | . . 4 . . Kicked . | . . . . . Crushed . | . . . . . Highest Temperature . | . . . . . Average Temperature . | . . . . . Received Heat Transfer . | . . . . . Siege Activations . | . . . . . Robots Corrupted . | . . . . . Combat Hostiles . | . . . . . Parts Fried . | . . . . . Impact Corruptions . | . . . . . Robots Melted . | . . . . . Combat Hostiles . | . . . . . Parts Melted . | . . . . . Heat Transferred . | . . . . . Parts Sabotaged . | . . . . . Parts Stolen . | . . . . . Parts Stripped . | . . . . . Power Chain Reactions . | . . . . . Alert | -11 -10 -10 -10 -9 ------- Run | Yrd Mat Min Exi Min Peak Influence 105 | . 9 3 . 105 Initial 3 | . . 3 . . Average 22 | . 6 2 . 92 Maximum Alert Level . | . . . . . Low Security (%) 100 | 100 100 100 . 100 Level 1 . | . . . . . Level 2 . | . . . . . Level 3 . | . . . . . Level 4 . | . . . . . Level 5 . | . . . . . High Security . | . . . . . Max Security . | . . . . . Squads Dispatched . | . . . . . Investigation . | . . . . . Extermination . | . . . . . Reinforcement . | . . . . . Assault . | . . . . . Garrison . | . . . . . Intercept . | . . . . . Searches Triggered . | . . . . . Construction Impeded . | . . . . . Haulers Reinforced . | . . . . . Active Scanning Responses . | . . . . . Cargo Convoy Interrupts . | . . . . . Stealth | -11 -10 -10 -10 -9 --------- Run | Yrd Mat Min Exi Min Distress Signals . | . . . . . Communications Jammed . | . . . . . Distress Signals . | . . . . . Times Spotted 8 | . 2 . . 6 Peak Tracking Total 4 | . 2 . . 4 Tactical Retreats 1 | . . . . 1 Traps | -11 -10 -10 -10 -9 ------- Run | Yrd Mat Min Exi Min Traps Triggered . | . . . . . Indirectly . | . . . . . Trap Hack Attempts . | . . . . . Triggered . | . . . . . Disarmed . | . . . . . Reprogrammed . | . . . . . Reused . | . . . . . Traps Extracted . | . . . . . Installed . | . . . . . Triggered . | . . . . . Machines | -11 -10 -10 -10 -9 ---------- Run | Yrd Mat Min Exi Min Machines Disabled . | . . . . . Max in Single Turn . | . . . . . Machines Repaired . | . . . . . Machines Dismantled . | . . . . . Machines Sabotaged . | . . . . . Overloaded Fab Kills . | . . . . . Hacking | -11 -10 -10 -10 -9 --------- Run | Yrd Mat Min Exi Min Machines Accessed 5 | . 1 1 3 . Terminals 1 | . 1 . . . Fabricators . | . . . . . Repair Stations . | . . . . . Recycling Units . | . . . . . Scanalyzers . | . . . . . Garrison Access . | . . . . . Total Hacks 45 | . 4 1 40 . Successful 43 | . 2 1 40 . Failed 2 | . 2 . . . Catastrophic . | . . . . . Database Lockouts . | . . . . . Manual 5 | . 4 . 1 . Terminals 4 | . 4 . . . Fabricators . | . . . . . Repair Stations . | . . . . . Recycling Units . | . . . . . Scanalyzers . | . . . . . Garrison Access . | . . . . . Terminal Hacks 42 | . 1 1 40 . Record 40 | . . . 40 . Open Door 1 | . . 1 . . Locate Traps 1 | . 1 . . . Fabricator Hacks . | . . . . . Repair Station Hacks . | . . . . . Recycling Unit Hacks . | . . . . . Scanalyzer . | . . . . . Garrison Access Hacks . | . . . . . Unauthorized Hacks 1 | . 1 . . . Terminals 1 | . 1 . . . Botnet 1 | . 1 . . . Fabricators . | . . . . . Repair Stations . | . . . . . Recycling Units . | . . . . . Scanalyzers . | . . . . . Garrison Access . | . . . . . Data Cores Recovered . | . . . . . Used . | . . . . . Hacking Detections 1 | . 1 . . . Full Trace Events . | . . . . . Feedback Events . | . . . . . Feedback Blocked . | . . . . . Robot Schematics Acquired . | . . . . . Robots Built . | . . . . . Authchips . | . . . . . Time . | . . . . . Total Robot Build Rating . | . . . . . Part Schematics Acquired . | . . . . . Parts Built . | . . . . . Authchips . | . . . . . Time . | . . . . . Total Part Build Rating . | . . . . . Parts Repaired . | . . . . . Time . | . . . . . Parts Recycled . | . . . . . Recycled Matter . | . . . . . Retrieved Matter . | . . . . . Retrieved Components . | . . . . . Parts Scanalyzed . | . . . . . Part Schematics Acquired . | . . . . . Parts Damaged . | . . . . . Bothacking | -11 -10 -10 -10 -9 ------------ Run | Yrd Mat Min Exi Min Used RIF Installer . | . . . . . Robots Hacked . | . . . . . Non-combat . | . . . . . Combat . | . . . . . Robot Hacks Applied . | . . . . . Relay Couplers Released . | . . . . . Fabnet Peak Effective % . | . . . . . Robots Rewired . | . . . . . Allies Hacked . | . . . . . Hacks Repelled . | . . . . . Allies | -11 -10 -10 -10 -9 -------- Run | Yrd Mat Min Exi Min Total Allies . | . . . . . Largest Group . | . . . . . Highest-Rated Group . | . . . . . Highest-Rated Ally . | . . . . . Total Orders . | . . . . . Ally Attacks . | . . . . . Total Damage . | . . . . . Kills . | . . . . . Allies Corrupted . | . . . . . Allies Melted . | . . . . . Intel | -11 -10 -10 -10 -9 ------- Run | Yrd Mat Min Exi Min Robot Analysis Total . | . . . . . Derelict Logs Recovered 1 | . . 1 . . Drone Launches . | . . . . . Drone Recoveries . | . . . . . Exploration | -11 -10 -10 -10 -9 ------------- Run | Yrd Mat Min Exi Min Turns Passed 2254 | 114 199 408 1340 193 Spaces Moved 1114 | 67 121 256 613 57 Core 17 | 15 . . . 2 Treads 1097 | 52 121 256 613 55 Legs . | . . . . . Wheels . | . . . . . Hover . | . . . . . Flight . | . . . . . Fastest Speed 50 | 50 160 152 152 232 Average Speed 193 | 152 160 153 215 248 Slowest Speed 700 | 200 160 160 232 700 Overloaded Moves . | . . . . . Propulsion Burnouts . | . . . . . Robots Hopped . | . . . . . Cave-ins Triggered . | . . . . . Exploration Rate (%) 36 | 5 26 45 93 13 Regions Visited 4 Branch Regions 3 Pre-discovered Areas 2 | . . 1 1 . Known Exits Taken 3 | . 1 1 1 . Unknown Exits Taken 1 | 1 . . . . Scrap Searched 1 | . . 1 . . Spaces Dug . | . . . . . Terrain Destroyed 13 | . . . . 13 Melee . | . . . . . Projectile . | . . . . . AOE 13 | . . . . 13 Terrain Rammed . | . . . . . Walls Destroyed . | . . . . . Machines Disabled . | . . . . . Actions | -11 -10 -10 -10 -9 --------- Run | Yrd Mat Min Exi Min Total 1203 | 76 127 270 638 92 Wait 15 | . 1 2 . 12 Move 1110 | 66 120 255 612 57 Hop . | . . . . . Pick Up 28 | 5 1 5 12 5 Fast Attach 8 | 5 2 . 1 . Attach 6 | . . . 3 3 Detach 1 | . 1 . . . Swap 2 | . . 1 1 . Drop 14 | . 2 3 9 . Fire 15 | . . . . 15 Melee . | . . . . . Ram . | . . . . . Kick . | . . . . . Crush 4 | . . 4 . . Escape Stasis . | . . . . . Rewire . | . . . . . Trap . | . . . . . Miscellaneous . | . . . . . Route ------- -11/Scrapyard -10/Materials -10/Mines -10/Exiles (discovered 2 exits: *Min x2) -9/Mines History --------- Turn | Location | Event 2 | -11/Scrapyard | Discovered new exit (range 16) 115 | -11/Scrapyard | Entered Materials 252 | -10/Materials | Met 8R-AWN 297 | -10/Materials | Discovered new exit (range 10) 300 | -10/Materials | Build established: Mutant 312 | -10/Materials | Identified exit to Mines 314 | -10/Materials | Entered Mines 316 | -10/Mines | Followed 8R-AWN into the Mines 351 | -10/Mines | Learned location of Mines (-9) 386 | -10/Mines | Met a Derelict who couldn't figure out how to use a Trap Extractor 714 | -10/Mines | Discovered new exit (range 5) 719 | -10/Mines | Identified exit to Exiles 722 | -10/Mines | Entered Exiles 744 | -10/Exiles | Discovered new exit (range 15) 764 | -10/Exiles | Identified exit to Mines 794 | -10/Exiles | Welcomed by 8R-AWN 820 | -10/Exiles | Met EX-HEX 958 | -10/Exiles | Met EX-BIN 988 | -10/Exiles | Aligned with FarCom system 990 | -10/Exiles | Given EX-Vault access code 1044 | -10/Exiles | Opened EX-Vault 1222 | -10/Exiles | Found Prototype Device 1255 | -10/Exiles | Identified Supersonic Drone Bay 1279 | -10/Exiles | Found Prototype Ballistic Cannon 1358 | -10/Exiles | Found Prototype Ballistic Gun 1359 | -10/Exiles | Identified AWS/Gauss 1438 | -10/Exiles | Warned to stay clear of 0b10 Research branches 1503 | -10/Exiles | Met EX-DEC 1524 | -10/Exiles | Learned location of Zion (-7) 1680 | -10/Exiles | Visited The Gauntlet 2032 | -10/Exiles | Discovered exit to Mines (range 15) 2062 | -10/Exiles | Left Exiles lab with AWS/Autocannon 2062 | -10/Exiles | Entered Mines 2249 | -9/Mines | Core integrity fell below 50% 2254 | -9/Mines | Core integrity fell below 20% 2255 | -9/Mines | Destroyed by YI-UF0 with YI-UF0's Doublenader Last Messages --------------- YI-UF0 mumbles something. The unstable cave ceiling collapses. 1 Matter crushed. The unstable cave ceiling collapses. Ion Engine destroyed. The unstable cave ceiling collapses. YI-UF0 mumbles something. Lgt. Cannon destroyed. The unstable cave ceiling collapses. Lgt. Treads destroyed. The unstable cave ceiling collapses. Destroyed Shock Absorption System. YI-UF0 mumbles something. Hpw. Shotgun destroyed. The unstable cave ceiling collapses. Adv. Treads destroyed. The unstable cave ceiling collapses. Lgt. Ion Engine destroyed. Grenade Launcher destroyed. The unstable cave ceiling collapses. Map ----- +----------------------------------------------------+ | ???????????????????????????????????? | | ???????????????????????????????????? | | ???????????????????????????????????? | | ???????????????????????????????????? | | ???????????????????????????????????? | | ???????????????????????????????????? | | ???????????????????????????????????? | | ???????????????????????????????????? | | ???????????????????????????????????? | | ???????????????????????????????????? | | ???????????????????????????????????? | | ???????????????????????????????????? | | ???????????????????????????????????? | | ?????????###???????????????????????? | | ??????#### ####???????????????????? | | ??????# ????????????????????? | | ?????## ????????????????????? | | ?????# #????????????????????? | | ?????# ###?????????????###??? | | ????## #???????????? #? | | ????# #???????????## ? | | ????# ##??#####?## # | | ?????# #### ### | | ?????# ## | | ?????# # | | ?????# @ # | | ?????## | | ??????## ## #?? | | ?????###### g ## #??? | | ????##% ### #### #???? | | ???## **## ## #????? | | ??## [ ## ## ##????? | | ??# % ## #?# # ###????? | | ??# == #?# # #??????? | | ??## #?###### # $ #??????? | | ???###########??????##### % #??????? | | ????????????????????????? ##??????? | | ????????????????????????? #??????? | | ????????????????????????? #?????? | | ?????????????????????????? ????? | | ?????????????????????????? ????? | | ?????????????????????????? ##???? | | ???????????????????????????% ????? | | ??????????????????????????? #????? | | ??????????????????????????? ???????? | | ???????????????????????????????????? | | ???????????????????????????????????? | | ???????????????????????????????????? | | ???????????????????????????????????? | | ???????????????????????????????????? | +----------------------------------------------------+ Best States ------------- Heat Dissipation 25 Energy Generation 10 Energy Capacity 250 Matter Stores 300 Matter Capacity 300 Sight Range 16 Terrain Scan Density 10 Evasion (%) 40 Recoil Reduction 2 Item Schematics ----------------- None Robot Schematics ------------------ None Fabricated ------------ Nothing Alien Tech Used ----------------- None Achievements -------------- None Challenges ------------ None Game ------ Seed EfficiencyGravmagCannon Manual? 0 Play Time 00:18:00 Cumulative 14.8 hours Start 2024.04.07 @ 21:15:38 End 2024.04.07 @ 21:34:18 Sessions 1 Manual Loads 0 Difficulty Rogue Special Mode None Game No. 28 Rogue 28 Adventurer 0 Explorer 0 Win Type - Total 0 Types 0/0/0/0/0/0/0/0/0 Lore% 13 Gallery% 20 Achievement% 19 Wizard Run 0 Options --------- Layout 1 ASCII 0 Keyboard 0 Movement Numpad Keybinds 0 Fullscreen 1 Font 32/SmallcapsGlow Map View 50x35 Zoom Use 0% Tactical HUD 0 Map Filters NONE Filters NONE Steam 1 RUN: ddde7126-77f4-43e3-8404-a1f857d3e8e1